Cogmind - Beta 9.6 @@@ ROGUE MODE // 2020.04.27 @ 19:39:41 Player: TravelDemon Result: Destroyed by H-55 Commando with Gauss Rifle Performance ------------- Evolutions (3) 1500 Regions Visited (9) 1800 Robots Destroyed (84) 420 Value Destroyed (3122) 3122 Prototype IDs (1) 20 Alien Tech Used (0) 0 Bonus (1541) 1541 TOTAL SCORE: 8403 Bonus ------- High Alert Combat Kills 341 Follower Combat Kills 314 Entered Garrisons 400 Used RIF Installer 500 Friendly Fire -14 Cogmind --------- Core Integrity 0/700 Matter 33/300 Energy 100/100 System Corruption 6% Temperature Cool (95) Movement Rolling (120) Ox2 Location -7/Garrison Parts ------- > --- POWER (1) -------- (None) > --- PROPULSION (3) --- Armored Huge Wheel > --- UTILITY (5) ------ Large Storage Unit Large Storage Unit Advanced Signal Interpreter Layered Medium Armor Plating Relay Coupler [Grunt] (1) > --- WEAPON (4) ------- Magnetic Acceleration Cannon Magnetic Acceleration Cannon Magnetic Acceleration Cannon > --- INVENTORY (16) --- Micro Nuclear Core Armored Huge Wheel Medium Reflective Plating System Shield Relay Coupler [Grunt] (36) Relay Coupler [Duelist] (40) Peak State ------------ > --- POWER ------------ Improved Deuterium Engine > --- PROPULSION ------- Medium Treads Wheel Armored Wheel > --- UTILITY ---------- Large Storage Unit Large Storage Unit Advanced Sensor Array Advanced Signal Interpreter Relay Coupler [Demolisher] > --- WEAPON ----------- Flak Gun Flak Gun Flak Gun Remote Datajack > --- INVENTORY -------- Micro Nuclear Core Armored Wheel Armored Wheel Armored Huge Wheel Improved Weapon Shielding Medium Reflective Plating Improved Shield Generator System Shield Relay Coupler [Grunt] Relay Coupler [Grunt] Relay Coupler [Grunt] Relay Coupler [Grunt] Relay Coupler [Brawler] Relay Coupler [Duelist] Improved Datajack [Rating: 45] Favorites ----------- Power Ion Engine Engine Ion Engine Power Core Light Nuclear Core Propulsion Light Treads Treads Light Treads Leg Aluminum Leg Wheel Wheel Hover Unit Airjet Utility Large Storage Unit Device Advanced Sensor Array Storage Large Storage Unit Processor Advanced Signal Interpreter Hackware Relay Coupler [Demolisher] Protection Hardened Medium Armor Plating Weapon Assault Rifle Energy Gun Heavy EM Shotgun Ballistic Gun Assault Rifle Ballistic Cannon Bore Cannon Launcher Heavy Rocket Launcher Special Weapon Remote Datajack Special Melee Weapon Improved Datajack Build | -11 -10 -10 -10 -9 -8 -8 -8 -7 -7 ------- Run | Scr Mat Min Exi Min Mat Gar Mat Fac Gar Slots Evolved 6 | . . . . . 4 . . 2 . Power . | . . . . . . . . . . Propulsion 1 | . . . . . 1 . . . . Utility 3 | . . . . . 1 . . 2 . Weapon 2 | . . . . . 2 . . . . Parts Attached 85 | 6 6 . . 2 13 14 18 15 11 Power 12 | 1 1 . . . 3 3 2 2 . Engine 7 | 1 1 . . . 1 1 2 1 . Core 5 | . . . . . 2 2 . 1 . Reactor . | . . . . . . . . . . Propulsion 19 | 2 1 . . 1 2 5 3 2 3 Treads 7 | 2 1 . . 1 2 . . 1 . Leg 5 | . . . . . . 5 . . . Wheel 6 | . . . . . . . 2 1 3 Hover 1 | . . . . . . . 1 . . Flight . | . . . . . . . . . . Utility 24 | 1 3 . . . 2 1 6 7 4 Device 3 | . 1 . . . . . . 2 . Storage 6 | 1 2 . . . . 1 2 . . Processor 3 | . . . . . 1 . . 2 . Hackware 6 | . . . . . . . 1 2 3 Protection 6 | . . . . . 1 . 3 1 1 Artifact . | . . . . . . . . . . Weapon 30 | 2 1 . . 1 6 5 7 4 4 Energy Gun 9 | 1 . . . . 3 1 4 . . Energy Cannon . | . . . . . . . . . . Ballistic Gun 7 | 1 . . . . . 2 1 3 . Ballistic Cannon 4 | . . . . 1 . . . . 3 Launcher 8 | . 1 . . . 3 2 2 . . Special Weapon 1 | . . . . . . . . 1 . Impact Weapon . | . . . . . . . . . . Slashing Weapon . | . . . . . . . . . . Piercing Weapon . | . . . . . . . . . . Special Melee Weapon 1 | . . . . . . . . . 1 Unidentified Prototypes 1 | . . . . . 1 . . . . Parts Lost 43 | . 1 . . 1 3 12 11 4 11 Power 6 | . . . . . . 3 1 1 1 Propulsion 15 | . . . . . 1 4 4 2 4 Utility 3 | . . . . . . . 1 . 2 Weapon 19 | . 1 . . 1 2 5 5 1 4 Highest Loss Streak 10 | . 1 . . 1 2 9 6 2 10 Average Slot Usage (%) 90 | . 95 100 100 91 96 85 48 94 72 Engine 8 | . 14 14 14 14 2 4 1 5 3 Core 2 | . . . . . 6 4 4 1 . Treads 19 | . 25 28 28 28 26 6 . 6 2 Leg 3 | . . . . . . 16 6 . . Wheel 2 | . . . . . . . 2 14 12 Storage 22 | . 24 28 28 28 18 25 10 15 15 Processor 1 | . . . . . 1 . . 5 7 Hackware 1 | . . . . . . . 4 8 7 Protection 1 | . . . . . 6 1 2 1 1 Energy Gun 3 | . 11 . . . 4 5 5 . . Ballistic Gun 10 | . 14 14 14 14 2 7 2 21 4 Ballistic Cannon 1 | . . . . 2 8 . . . 5 Launcher 9 | . 2 14 14 4 18 12 5 . . Naked Turns 7 | . . . . . . . 7 . . Heaviest Build 77 | 11 43 43 43 48 77 65 62 58 64 Greatest Support 60 | 40 40 40 40 40 60 40 33 22 36 Greatest Overweight (x) 5 | 3 1 1 1 1 1 4 5 4 2 Average Overweight (x) 1 | 1 . 1 1 . . 1 . 2 1 Largest Inventory Capacity 22 | 6 16 16 16 16 16 22 22 16 16 Average Capacity 16 | 5 13 16 16 16 16 20 11 16 16 Most Carried 22 | 4 16 16 16 16 16 22 18 16 14 Average Carried 14 | 2 9 15 16 15 15 17 10 14 10 Final Capacity 22 | 6 16 16 16 16 16 22 16 16 16 Final Carried 18 | 4 16 16 16 16 15 18 13 15 7 Class Distribution -------------------- 60% | Mutant 15% | Scavenger-Mutant 9% | Bothacker-Mutant 5% | Scavenger-Tank 3% | Bothacker-Skirmisher Dominant Class ---------------- Mutant | -10/Materials Mutant | -10/Mines Mutant | -10/Exiles Mutant | -9/Mines Mutant | -8/Materials Scavenger-Mutant | -8/Garrison Mutant | -8/Materials Bothacker-Mutant | -7/Factory Bothacker-Mutant | -7/Garrison Resources | -11 -10 -10 -10 -9 -8 -8 -8 -7 -7 ----------- Run | Scr Mat Min Exi Min Mat Gar Mat Fac Gar Matter Collected 1855 | 244 143 42 . 117 457 399 221 82 150 Remotely . | . . . . . . . . . . Salvage Created 2383 | . 234 79 . 151 678 567 353 114 207 Parts 122 | . 9 4 . 9 51 24 12 6 7 Haulers Intercepted 2 | . . . . . 2 . . . . Recyclers Shooed . | . . . . . . . . . . Parts Field Recycled . | . . . . . . . . . . Retrieved Matter . | . . . . . . . . . . Parts Self-Destructed . | . . . . . . . . . . Prevented . | . . . . . . . . . . Kills | -11 -10 -10 -10 -9 -8 -8 -8 -7 -7 ------- Run | Scr Mat Min Exi Min Mat Gar Mat Fac Gar Combat Hostiles Destroyed 72 | . 9 2 . 3 29 17 6 2 4 Guns 24 | . 7 1 . 1 3 7 3 2 . Cannons 12 | . . . . 2 6 . . . 4 AOE 36 | . 2 1 . . 20 10 3 . . Classes Destroyed 13 | . 3 . . 1 6 1 1 1 . Worker 4 | . . . . . 3 . 1 . . Builder 3 | . 1 . . 1 1 . . . . Hauler 2 | . . . . . 2 . . . . Recycler 1 | . . . . . . . 1 . . Watcher 2 | . . . . . 1 . . . 1 Swarmer 21 | . 6 . . . 7 6 2 . . Grunt 32 | . 3 2 . 2 16 6 2 . 1 Brawler 3 | . . . . . 1 1 . . 1 Duelist 2 | . . . . . . 2 . . . Protector 1 | . . . . . 1 . . . . Sentry 9 | . . . . 1 3 2 1 1 1 Hunter 2 | . . . . . 1 . 1 . . Programmer 2 | . . . . . . . . 1 1 Best Kill Streak 9 | . 3 1 . 2 9 7 3 1 4 Combat Bots Only 8 | . 3 1 . 2 8 7 2 1 4 Max Kills in Single Turn 5 | . 2 1 . 1 5 2 2 1 1 Gunslinging . | . . . . . . . . . . Exploded 4 | . 1 1 . . 4 2 1 . . Melee . | . . . . . . . . . . Uniques/NPCs Destroyed . | . . . . . . . . . . Combat | -11 -10 -10 -10 -9 -8 -8 -8 -7 -7 -------- Run | Scr Mat Min Exi Min Mat Gar Mat Fac Gar Damage Taken 6905 | . 357 111 . 277 934 1069 1033 892 2232 Core 1329 | . 37 43 . 58 50 122 307 167 545 Absorbed by Shields 50 | . . . . . . . . . 50 Core Remaining (%) 52 | 100 . . . 44 . . 12 . . Volleys Fired 181 | . 27 8 . 16 30 33 36 12 19 Largest 4 | . 2 1 . 2 4 3 3 3 3 Hottest 159 | . 60 33 . 77 157 135 133 84 159 Shots Fired 297 | . 44 8 . 23 65 50 48 24 35 Gun 178 | . 40 7 . 16 23 37 37 18 . Cannon 43 | . . . . 7 12 . . . 24 Launcher 59 | . 4 1 . . 30 13 11 . . Special 17 | . . . . . . . . 6 11 Kinetic 156 | . 27 7 . 23 18 15 24 18 24 Thermal 24 | . . . . . 12 1 11 . . Explosive 37 | . . . . . 30 7 . . . Electromagnetic 63 | . 17 1 . . 5 27 13 . . Robot Hit Streak 17 | . 11 1 . 5 10 17 9 6 4 Robot Miss Streak 7 | . 3 2 . 4 3 3 2 7 2 Penetration Max . | . . . . . . . . . . Secondary Targets 4 | . 1 . . . . 3 . . . Max Gunslinging Chain 1 | . 1 . . . . 1 . . . Shots Hit Robots 189 | . 29 3 . 16 33 33 35 20 20 Core Hits 157 | . 12 4 . 9 69 31 16 11 5 Critical Hits 10 | . . . . 3 7 . . . . Critical Kills 8 | . . . . 2 6 . . . . Critical Parts Destroyed 2 | . . . . 1 1 . . . . Melee Attacks 6 | . . . . . . . . . 6 Impact . | . . . . . . . . . . Slashing . | . . . . . . . . . . Piercing . | . . . . . . . . . . Sneak Attacks 1 | . . . . . . . . . 1 Combat Hostiles 1 | . . . . . . . . . 1 Follow-up Attacks . | . . . . . . . . . . Damage Inflicted 7334 | . 451 105 . 321 3689 1454 661 265 388 Guns 1807 | . 314 46 . 192 212 355 435 253 . Cannons 708 | . . . . 114 216 . . . 378 Explosions 4703 | . 108 40 . . 3242 1099 214 . . Melee . | . . . . . . . . . . Ramming 116 | . 29 19 . 15 19 . 12 12 10 Kinetic 1822 | . 231 46 . 306 296 46 266 253 378 Thermal 408 | . 23 . . . 55 169 161 . . Explosive 3920 | . . . . . 3209 711 . . . Electromagnetic 1068 | . 168 40 . . 110 528 222 . . Impact . | . . . . . . . . . . Slashing . | . . . . . . . . . . Piercing . | . . . . . . . . . . Highest Corruption 6 | . 2 2 2 2 . . 1 . 6 Average Corruption 2 | . 2 2 2 2 . . 1 . 4 Corruption Purged . | . . . . . . . . . . Effects 43 | . 5 4 10 14 . . 2 . 8 Message Errors 8 | . 1 3 1 2 . . 1 . . Matter Fused 1 | . . . . . . . . . 1 Heat Flow Errors 7 | . 1 . 1 4 . . . . 1 Energy Discharges 10 | . 1 . 1 6 . . 1 . 1 Data Loss (minor) 12 | . 1 1 7 2 . . . . 1 Targeting Errors 5 | . 1 . . . . . . . 4 Overload Shots . | . . . . . . . . . . Overflow Damage 252 | . . . . . 168 55 . . 29 Projectiles 29 | . . . . . . . . . 29 Explosions 223 | . . . . . 168 55 . . . Melee . | . . . . . . . . . . Knockbacks 4 | . . . . 2 . . . . 2 Impact . | . . . . . . . . . . Kinetic 3 | . . . . 1 . . . . 2 Secondary 1 | . . . . 1 . . . . . Self-Inflicted Damage 296 | . . . . . 160 75 51 5 5 Shots 16 | . . . . . 5 5 6 . . Rammed 12 | . 2 4 . 3 . . . 2 1 Targets Rammed 17 | . 3 4 . 3 1 . 3 2 1 Kicked 3 | . . . . . . . 3 . . Crushed 2 | . 1 . . . 1 . . . . Highest Temperature 272 | . 272 . 219 236 215 171 167 45 234 Average Temperature 72 | . 70 . 114 94 74 69 51 13 82 Received Heat Transfer 1989 | . 72 66 . 114 342 396 288 240 471 Siege Activations . | . . . . . . . . . . Robots Corrupted . | . . . . . . . . . . Combat Hostiles . | . . . . . . . . . . Parts Fried 3 | . . . . . . 2 1 . . Impact Corruptions . | . . . . . . . . . . Robots Melted . | . . . . . . . . . . Combat Hostiles . | . . . . . . . . . . Parts Melted 1 | . . . . . . . 1 . . Heat Transferred 633 | . . . . . 100 200 333 . . Parts Sabotaged . | . . . . . . . . . . Parts Stolen . | . . . . . . . . . . Parts Stripped . | . . . . . . . . . . Power Chain Reactions 6 | . 2 . . . 1 3 . . . Missiles Intercepted . | . . . . . . . . . . Alert | -11 -10 -10 -10 -9 -8 -8 -8 -7 -7 ------- Run | Scr Mat Min Exi Min Mat Gar Mat Fac Gar Peak Influence 1019 | . 151 180 . 127 576 1019 692 275 95 Average Influence 260 | . 61 68 . 26 193 820 549 161 19 Maximum Alert Level 3 | . . . . . 2 3 2 1 . Low Security (%) 64 | 100 100 100 . 100 70 . . 53 100 Level 1 6 | . . . . . . 6 . 46 . Level 2 12 | . . . . . 28 10 100 . . Level 3 15 | . . . . . . 83 . . . Level 4 . | . . . . . . . . . . Level 5 . | . . . . . . . . . . High Security . | . . . . . . . . . . Max Security . | . . . . . . . . . . Squads Dispatched 6 | . . . . . 2 . 1 3 . Investigation 1 | . . . . . . . . 1 . Extermination 1 | . . . . . . . . 1 . Reinforcement 2 | . . . . . . . 1 1 . Assault 1 | . . . . . 1 . . . . Garrison 1 | . . . . . 1 . . . . Intercept . | . . . . . . . . . . Construction Impeded . | . . . . . . . . . . Haulers Reinforced . | . . . . . . . . . . Stealth | -11 -10 -10 -10 -9 -8 -8 -8 -7 -7 --------- Run | Scr Mat Min Exi Min Mat Gar Mat Fac Gar Distress Signals 5 | . 2 . . . 2 . . . 1 Communications Jammed . | . . . . . . . . . . Distress Signals . | . . . . . . . . . . Times Spotted 157 | . 17 6 . 9 36 22 20 21 26 Peak Tracking Total 10 | . 5 2 . 3 10 5 4 10 9 Tactical Retreats 16 | . 3 . . . 2 5 3 1 2 Traps | -11 -10 -10 -10 -9 -8 -8 -8 -7 -7 ------- Run | Scr Mat Min Exi Min Mat Gar Mat Fac Gar Traps Triggered 10 | . 1 . . . . 5 . . 4 Indirectly . | . . . . . . . . . . Trap Hack Attempts . | . . . . . . . . . . Triggered . | . . . . . . . . . . Disarmed . | . . . . . . . . . . Reprogrammed . | . . . . . . . . . . Reused . | . . . . . . . . . . Traps Extracted . | . . . . . . . . . . Installed . | . . . . . . . . . . Triggered . | . . . . . . . . . . Machines | -11 -10 -10 -10 -9 -8 -8 -8 -7 -7 ---------- Run | Scr Mat Min Exi Min Mat Gar Mat Fac Gar Machines Disabled 11 | . . 1 . . 6 3 1 . . Max in Single Turn 1 | . . 1 . . 1 1 1 . . Garrison Relay 2 | . . . . . . 2 . . . Machines Sabotaged . | . . . . . . . . . . Garrisons Compromised . | . . . . . . . . . . Overloaded Fab Kills . | . . . . . . . . . . Fab Network Shutdowns . | . . . . . . . . . . Hacking | -11 -10 -10 -10 -9 -8 -8 -8 -7 -7 --------- Run | Scr Mat Min Exi Min Mat Gar Mat Fac Gar Machines Accessed 20 | . 7 1 . . 6 . . 6 . Terminals 15 | . 7 1 . . 4 . . 3 . Fabricators . | . . . . . . . . . . Repair Stations . | . . . . . . . . . . Recycling Units . | . . . . . . . . . . Scanalyzers 3 | . . . . . 1 . . 2 . Garrison Access 2 | . . . . . 1 . . 1 . Total Hacks 39 | . 18 1 . . 12 . . 8 . Successful 27 | . 12 1 . . 9 . . 5 . Failed 12 | . 6 . . . 3 . . 3 . Catastrophic 1 | . . . . . . . . 1 . Database Lockouts . | . . . . . . . . . . Manual 24 | . 13 3 . . 6 . . 2 . Terminals 31 | . 18 1 . . 9 . . 3 . Fabricators . | . . . . . . . . . . Repair Stations . | . . . . . . . . . . Recycling Units . | . . . . . . . . . . Scanalyzers 6 | . . . . . 2 . . 4 . Garrison Access 2 | . . . . . 1 . . 1 . Terminal Hacks 9 | . 5 1 . . 2 . . 1 . Robot Analysis 3 | . 2 1 . . . . . . . Branch Access Points 1 | . . . . . 1 . . . . Unreport Threat 1 | . . . . . 1 . . . . Recall Investigation 1 | . 1 . . . . . . . . Hauler Manifests 1 | . 1 . . . . . . . . Registered Components 2 | . 1 . . . . . . 1 . Fabricator Hacks . | . . . . . . . . . . Repair Station Hacks . | . . . . . . . . . . Recycling Unit Hacks . | . . . . . . . . . . Scanalyzer 5 | . . . . . 2 . . 3 . Insert Component 3 | . . . . . 1 . . 2 . Analyze 2 | . . . . . 1 . . 1 . Garrison Access Hacks 2 | . . . . . 1 . . 1 . Unlock Access 2 | . . . . . 1 . . 1 . Unauthorized Hacks 11 | . 7 . . . 4 . . . . Terminals 11 | . 7 . . . 4 . . . . Track 1 | . 1 . . . . . . . . Assimilate 1 | . . . . . 1 . . . . Botnet 9 | . 6 . . . 3 . . . . Fabricators . | . . . . . . . . . . Repair Stations . | . . . . . . . . . . Recycling Units . | . . . . . . . . . . Scanalyzers . | . . . . . . . . . . Garrison Access . | . . . . . . . . . . Data Cores Recovered . | . . . . . . . . . . Used . | . . . . . . . . . . Hacking Detections 18 | . 7 1 . . 5 . . 5 . Full Trace Events 1 | . . . . . . . . 1 . Feedback Events . | . . . . . . . . . . Feedback Blocked . | . . . . . . . . . . Robot Schematics Acquired . | . . . . . . . . . . Robots Built . | . . . . . . . . . . Matter . | . . . . . . . . . . Time . | . . . . . . . . . . Total Robot Build Rating . | . . . . . . . . . . Part Schematics Acquired 2 | . . . . . 1 . . 1 . Parts Built . | . . . . . . . . . . Matter . | . . . . . . . . . . Time . | . . . . . . . . . . Total Part Build Rating . | . . . . . . . . . . Parts Repaired . | . . . . . . . . . . Time . | . . . . . . . . . . Parts Recycled . | . . . . . . . . . . Recycled Matter . | . . . . . . . . . . Retrieved Matter . | . . . . . . . . . . Retrieved Components . | . . . . . . . . . . Parts Scanalyzed 2 | . . . . . 1 . . 1 . Part Schematics Acquired 2 | . . . . . 1 . . 1 . Parts Damaged . | . . . . . . . . . . Bothacking | -11 -10 -10 -10 -9 -8 -8 -8 -7 -7 ------------ Run | Scr Mat Min Exi Min Mat Gar Mat Fac Gar Used RIF Installer 1 | . . . . . . 1 . . . Robots Hacked 11 | . . . . . . . . 2 9 Non-combat . | . . . . . . . . . . Combat 11 | . . . . . . . . 2 9 Robot Hacks Applied 16 | . . . . . . . . 5 11 parse_system 1 | . . . . . . . . . 1 find_shortcuts 1 | . . . . . . . . . 1 scatter_targeting 1 | . . . . . . . . 1 . overload_power 1 | . . . . . . . . . 1 reboot_system 2 | . . . . . . . . 1 1 overwrite_iff 1 | . . . . . . . . 1 . streamctrl_high 5 | . . . . . . . . 1 4 formatsys_high 4 | . . . . . . . . 1 3 Relay Couplers Released 9 | . . . . . . 9 . . . Machine Destruction 9 | . . . . . . 9 . . . Attached 6 | . . . . . . . 1 2 3 Robots Rewired . | . . . . . . . . . . Allies Hacked 2 | . . . . . . . . . 2 Hacks Repelled . | . . . . . . . . . . Allies | -11 -10 -10 -10 -9 -8 -8 -8 -7 -7 -------- Run | Scr Mat Min Exi Min Mat Gar Mat Fac Gar Total Allies 13 | . . 3 . . 1 . . 2 7 Largest Group 4 | . . 3 2 2 1 . . 1 4 Highest-Rated Group 62 | . . 40 32 32 16 . . 32 62 Highest-Rated Ally 32 | . . 16 16 16 16 . . 32 29 Total Orders . | . . . . . . . . . . Ally Attacks 74 | . . 18 . 27 2 . . 1 26 Total Damage 850 | . . 198 . 316 . . . 11 325 Kills 12 | . . 4 . 6 . . . . 2 Allies Corrupted . | . . . . . . . . . . Allies Melted . | . . . . . . . . . . Intel | -11 -10 -10 -10 -9 -8 -8 -8 -7 -7 ------- Run | Scr Mat Min Exi Min Mat Gar Mat Fac Gar Robot Analysis Total 3 | . 2 1 . . . . . . . Derelict Logs Recovered 4 | . . 2 . 2 . . . . . Drone Launches . | . . . . . . . . . . Drone Recoveries . | . . . . . . . . . . Exploration | -11 -10 -10 -10 -9 -8 -8 -8 -7 -7 ------------- Run | Scr Mat Min Exi Min Mat Gar Mat Fac Gar Turns Passed 8276 | 78 955 890 791 1265 1293 1400 453 862 289 Spaces Moved 4718 | 46 477 475 440 717 651 668 365 723 156 Core 162 | 45 . . . . . . 117 . . Treads 3149 | 1 477 475 440 717 651 388 . . . Legs 345 | . . . . . . 280 65 . . Wheels 924 | . . . . . . . 45 723 156 Hover 138 | . . . . . . . 138 . . Flight . | . . . . . . . . . . Fastest Speed 50 | 50 160 180 180 160 160 150 50 90 90 Average Speed 155 | 143 167 180 180 168 174 188 88 103 109 Slowest Speed 270 | 200 180 180 180 180 180 240 270 130 120 Overloaded Moves . | . . . . . . . . . . Propulsion Burnouts . | . . . . . . . . . . Robots Hopped . | . . . . . . . . . . Cave-ins Triggered . | . . . . . . . . . . Exploration Rate (%) 60 | 4 90 93 86 98 67 72 25 26 41 Regions Visited 9 Branch Regions 3 Pre-discovered Areas 2 | . . 2 . . . . . . . Known Exits Taken 3 | . . . . 1 1 . . 1 . Unknown Exits Taken 5 | 1 1 1 1 . . . 1 . . Scrap Searched 3 | . . 1 . 2 . . . . . Spaces Dug . | . . . . . . . . . . Terrain Destroyed 370 | . 15 . . 7 287 61 . . . Melee . | . . . . . . . . . . Projectile 9 | . . . . 7 2 . . . . AOE 361 | . 15 . . . 285 61 . . . Actions | -11 -10 -10 -10 -9 -8 -8 -8 -7 -7 --------- Run | Scr Mat Min Exi Min Mat Gar Mat Fac Gar Total 5367 | 55 586 501 439 755 758 764 443 821 245 Wait 214 | . 59 9 . 7 45 18 7 50 19 Move 4708 | 45 476 474 439 716 650 666 364 722 156 Hop . | . . . . . . . . . . Pick Up 65 | 4 13 3 . 5 8 13 10 9 . Fast Attach 47 | 6 1 . . 2 6 7 14 7 4 Attach 25 | . 2 . . . 6 6 3 3 5 Detach 6 | . 1 . . . 2 . 1 2 . Swap 13 | . 3 . . . 1 1 1 5 2 Drop 32 | . 1 3 . 6 9 4 4 5 . Fire 181 | . 27 8 . 16 30 33 36 12 19 Melee 6 | . . . . . . . . . 6 Ram 3 | . . . . . . . . 2 1 Kick 3 | . . . . . . . 3 . . Crush 11 | . 3 4 . 3 1 . . . . Escape Stasis 44 | . . . . . . 16 . . 28 Rewire 9 | . . . . . . . . 4 5 Trap . | . . . . . . . . . . Miscellaneous . | . . . . . . . . . . Route ------- -11/Scrapyard -10/Materials (discovered 3 exits: [*Mat x2] / *Min) -10/Mines (discovered 3 exits: [*Mat x2] / [*Exi]) -10/Exiles -9/Mines (discovered 2 exits: *Mat x2) -8/Materials (discovered 3 exits: *Fac x2 / Gar) -8/Garrison (discovered 3 exits: [*Mat x3]) -8/Materials -7/Factory (discovered 2 exits: [*Low] / Gar) -7/Garrison History --------- Turn | Location | Event 4 | -11/Scrapyard | Discovered new exit (range 15) 79 | -11/Scrapyard | Entered Materials 314 | -10/Materials | Build established: Mutant 588 | -10/Materials | Discovered new exit (range 4) 939 | -10/Materials | Discovered new exit (range 3) 977 | -10/Materials | Discovered new exit (range 11) 1034 | -10/Materials | Entered Mines 1080 | -10/Mines | Assisted by bots powering up and referring to "LRC-V3" 1106 | -10/Mines | Found a damaged Exp. Sensor Array with a note attached 1112 | -10/Mines | Found Prototype Device 1239 | -10/Mines | Assisted by bots powering up and referring to "LRC-V3" 1423 | -10/Mines | Discovered new exit (range 14) 1452 | -10/Mines | Discovered new exit (range 3) 1667 | -10/Mines | Learned location of Mines (-9) 1915 | -10/Mines | Deemed a non-threat by the Exiles lab entrance 1915 | -10/Mines | Discovered new exit (range 5) 1924 | -10/Mines | Entered Exiles 1924 | -10/Exiles | Found Exiles lab abandoned 1924 | -10/Exiles | Accompanied by 2 allies 2304 | -10/Exiles | Discovered new exit (range 10) 2715 | -10/Exiles | Entered Mines 2715 | -9/Mines | Accompanied by 2 allies 2787 | -9/Mines | Found a hidden stash of uninstalled traps 2890 | -9/Mines | Discovered new exit (range 8) 3161 | -9/Mines | Learned Materials terminal intel 3239 | -9/Mines | Identified exit to Materials 3786 | -9/Mines | A weapon hastily lodged in a ceiling crevice suddenly fell to the ground 3880 | -9/Mines | Core integrity fell below 50% 3980 | -9/Mines | Entered Materials 3980 | -8/Materials | Accompanied by 1 ally 3980 | -8/Materials | Evolved 4 slots: Propulsion x1, Utility x1, Weapon x2 3981 | -8/Materials | Loaded intel: 12 terminal locations 4524 | -8/Materials | Discovered new exit (range 8) 4903 | -8/Materials | Build established: Scavenger-Tank 4929 | -8/Materials | Destroyed 8 combat bots 5004 | -8/Materials | Discovered new exit (range 5) 5134 | -8/Materials | Identified exit to Garrison 5180 | -8/Materials | First assault squad dispatched 5208 | -8/Materials | Garrison activated, responded to threat 5225 | -8/Materials | Build established: Mutant 5273 | -8/Materials | Entered Garrison 5330 | -8/Garrison | Triggered checkpoint 5387 | -8/Garrison | Garrison Relay disabled 5464 | -8/Garrison | Triggered checkpoint 5491 | -8/Garrison | Triggered checkpoint 5533 | -8/Garrison | Destroyed 7 combat bots 5647 | -8/Garrison | Discovered new exit (range 10) 5824 | -8/Garrison | Build established: Scavenger-Mutant 5826 | -8/Garrison | Discovered new exit (range 15) 6028 | -8/Garrison | Triggered checkpoint 6067 | -8/Garrison | Garrison Relay disabled 6181 | -8/Garrison | Triggered checkpoint 6194 | -8/Garrison | Triggered checkpoint 6258 | -8/Garrison | Lost 9 parts (2p3n4w) 6331 | -8/Garrison | Discovered new exit (range 14) 6364 | -8/Garrison | Installed Relay Interface Framework 6673 | -8/Garrison | Entered Materials 6744 | -8/Materials | Core integrity fell below 50% 6806 | -8/Materials | Lost 6 parts (2n1u3w) 6879 | -8/Materials | Released all parts (6) 6926 | -8/Materials | Discovered new exit (range 13) 6934 | -8/Materials | Lost 3 parts (1n2w) 6998 | -8/Materials | Core integrity fell below 20% 7040 | -8/Materials | Build established: Mutant 7126 | -8/Materials | Entered Factory 7126 | -7/Factory | Evolved 2 slots: Utility x2 7363 | -7/Factory | Build established: Bothacker-Mutant 7829 | -7/Factory | Discovered new exit (range 6) 7892 | -7/Factory | Build established: Bothacker-Skirmisher 7987 | -7/Factory | Identified exit to Garrison 7988 | -7/Factory | Entered Garrison 8052 | -7/Garrison | Triggered checkpoint 8120 | -7/Garrison | Triggered checkpoint 8133 | -7/Garrison | P-60 Hacker assimilated allied Gladiator 4a 8142 | -7/Garrison | P-60 Hacker assimilated allied Trooper 4f 8151 | -7/Garrison | Core integrity fell below 50% 8172 | -7/Garrison | Core integrity fell below 20% 8197 | -7/Garrison | Lost 10 parts (1p4n2u3w) 8214 | -7/Garrison | Spotted B-75 Beast 8277 | -7/Garrison | Destroyed by H-55 Commando with Gauss Rifle Last Messages --------------- glitched. 08214_ Destroyed Particle Gun. 08214_ Trooper 4f destroyed. 08214_ B-75 Beast springs to life. 08216_ Slug penetrates Wall. 08227_ System corrupted: Energy discharge (-18). 08231_ Gladiator 4a destroyed. 08234_ Y-54 Guardian destroyed. 08250_ Penetrated by Slug. 08254_ System corrupted: Magnetic Acceleration Cannon targeting data glitched. 08254_ Destroyed Imp. Sensor Array. 08254_ W-25 Informer knocked back. 08255_ W-25 Informer springs to life. 08255_ W-25 Informer sends out distress signal. 08256_ W-25 Informer springs to life. 08259_ Slammed into W-25 Informer. 08269_ System corrupted: Magnetic Acceleration Cannon targeting data glitched. 08269_ W-25 Informer destroyed. Map ----- +----------------------------------------------------+ | | | ?????????????????????????????? | | ?????????????????????????????? | | ?????????????????????????????? | | ?????????????????????????????? | | ?????????????????????????????? | | ?????????????????????????????? | | ?????????????????????????????? | | ?????????????????????????????? | | ?????????????????????????????? | | ?????????????????????????????? | | ?????????????????????????????? | | ?????????????????????????????? | | ?????????????????????????????? | | ?????????????????????????????? | | ?????????????????????????????? | | ?????????????????????????????? | | ?????????????????????????????? | | ?????????????????????????????? | | ?????????????????????????????? | | ????###??????????????????????? | | ??### ###????????????????????? | | ??#! !#????????????????????? | | ??#! !#????????????????????? | | ?##! !#######+####?????????? | | ?#! @ Y Y BB ????????? | | ?#! Y BB ????????? | | ?##! !##########??????###??? | | ??#! !#??????????????? #??? | | ??#!*! !#??????????????? #??? | | ??###%###??????????????##"#### | | ????#h#????????????????# | | ????# #????????????????# % | | ????#w#???????????????## %#### | | ????# #################!! #?? | | ????# =%=%[ #?? | | ????###################! #?? | | ??????????????????????###"##?? | | ????????????????????????# #??? | | ????????????????????????# #??? | | ????????????????????????# #??? | | ????????????????????????# #??? | | ????????????????????????# #??? | | ????????????????????????# #??? | | ????????????????????????# ??? | | ?????????????????????????##??? | | ?????????????????????????????? | | ?????????????????????????????? | | ?????????????????????????????? | | ?????????????????????????????? | +----------------------------------------------------+ Best States ------------- Heat Dissipation 34 Energy Generation 16 Energy Capacity 290 Matter Stores 300 Matter Capacity 300 Sight Range 16 Robot Scan Range 16 Terrain Scan Density 10 Armor Coverage 225 Resistance: TH 15 Weapon Shielding 66 Evasion (%) 53 Recoil Reduction 3 Item Schematics ----------------- Imp. Weapon Shielding | -8/Materials | Scanalyzed System Shield | -7/Factory | Scanalyzed Robot Schematics ------------------ None Fabricated ------------ Nothing Alien Tech Used ----------------- None Achievements -------------- Error 47 Factory Defaults Challenges ------------ None Game ------ Seed BurstTrapPropulsion Manual? 0 Play Time 01:14:54 Cumulative 36.5 hours Start 2020.04.27 @ 14:39:59 End 2020.04.27 @ 19:39:41 Sessions 5 Manual Loads 0 Difficulty Rogue Special Mode None Game No. 54 Rogue 52 Adventurer 0 Explorer 2 Win Type - Total 0 Types 0/0/0/0/0/0/0 Lore% 28 Gallery% 37 Achievement% 30 Wizard Run 0 Options --------- ASCII 0 Keyboard 1 Movement Numpad Keybinds 0 Fullscreen 2 Font 18/SmallcapsGlow Map View 76x50 Tactical HUD 1 Map Filters NONE Filters NONE Steam 1 RUN: fee42f02-1919-48d9-8ccf-50e3fd3bdb72